 Seeded DCSS version 0.27.1-4-g1640c2035a (webtiles) character file.

Game seed: 17853175367328873602 (custom seed)

4809 oldmanjim the Transmogrifier (level 10, -4/58 HPs)
             Began as a Spriggan Transmuter on Oct 15, 2021.
             Was an Elder of Okawaru.
             Slain by a gargoyle (17 damage)
             ... on level 7 of the Dungeon on Nov 8, 2021.
             The game lasted 02:04:41 (15659 turns).

oldmanjim the Transmogrifier (Spriggan Transmuter) Turns: 15659, Time: 02:04:42

Health: -4/58      AC:  9    Str: 13    XL:     10   Next: 24%
Magic:  26/30      EV: 16    Int: 18    God:    Okawaru [****..]
Gold:   1576       SH:  0    Dex: 15    Spells: 13/23 levels left

rFire    . . .     SeeInvis +     - Unarmed
rCold    + + +     Faith    .   (shield currently unavailable)
rNeg     . . .     Spirit   .   (armour currently unavailable)
rPois    +         Reflect  .   (helmet currently unavailable)
rElec    .         Harm     .   (cloak currently unavailable)
rCorr    .         Rampage  .   (gloves unavailable)
Will     +....                  (boots unavailable)
Stlth    ++++......             (no amulet)
HPRegen  0.19/turn              m - ring "Zofryec" {rPois rF+ MP+9}
MPRegen  0.22/turn              y - +6 ring of strength

@: ice-form, heroic
A: freezing attack, amphibious, boosted hp, large, no large weapons, unfitting
armour, see invisible, (speed 3)
a: End Transformation, Renounce Religion, Heroism


You were on level 7 of the Dungeon.
You worshipped Okawaru.
Okawaru was greatly pleased with you.
You were a creature of crystalline ice.
You visited 2 branches of the dungeon, and saw 8 of its levels.

You collected 2204 gold pieces.
You spent 628 gold pieces at shops.

Inventory:

Hand Weapons
 a - a +3 short sword of flaming (melded)
 b - a +0 hunting sling of flaming
 w - a +0 short sword
Missiles
 e - 63 sling bullets
 h - 122 stones
 q - 52 bolts
 z - 179 arrows
 A - 13 poisoned darts (quivered)
 I - a throwing net
Armour
 f - a +0 robe (melded)
 l - a +0 buckler
 s - a +0 hat of intelligence (melded)
Jewellery
 m - the ring "Zofryec" (left front paw) {rPois rF+ MP+9}
   (You bought it in a shop on level 1 of the Dungeon)

   [ring of poison resistance]

   rF:        It protects you from fire.
   rPois:     It protects you from poison.
   MP:        It affects your magic capacity (+9).
 y - a +6 ring of strength (right front paw)
 H - a ring of fire
Wands
 t - a wand of digging (8)
Scrolls
 i - 2 scrolls of magic mapping
 j - a scroll of acquirement
 r - a scroll of holy word
 u - a scroll of enchant weapon
 x - a scroll of teleportation
 B - a scroll of blinking
 J - a scroll of immolation
Potions
 c - 2 potions of flight {unknown}
 d - 3 potions of haste
 g - 3 potions of lignification
 k - a potion of ambrosia {unknown}
 n - 2 potions of heal wounds {unknown}
 o - 2 potions of brilliance {unknown}
 p - 2 potions of berserk rage {unknown}
 v - a potion of cancellation {unknown}
 D - 2 potions of mutation {unknown}
 E - a potion of curing {unknown}
 F - a potion of magic {unknown}
 G - 2 potions of might


   Skills:
 - Level 3.0(8.0) Fighting
 - Level 8.0(13.0) Dodging
 - Level 5.0(10.0) Stealth
 - Level 3.0(8.0) Shields
 - Level 2.4(7.4) Unarmed Combat
 - Level 7.0 Spellcasting
 - Level 11.0 Transmutations
 - Level 3.0 Ice Magic
 + Level 2.9 Poison Magic
 - Level 5.0 Invocations
 - Level 5.0 Evocations


You had 13 spell levels left.
You knew the following spells:

 Your Spells              Type           Power      Damage    Failure   Level
a - Beastly Appendage     Tmut           90%        N/A       1%          1
b - Spider Form           Tmut/Pois      15%        N/A       1%          3
c - Ice Form              Ice/Tmut       31%        N/A       6%          4
d - Poisonous Vapours     Pois/Air       22%        N/A       9%          2

Your spell library contained the following spells:

 Spells                   Type           Power      Damage    Failure   Level
 Sting                    Tmut/Pois      100%       1d8       1%          1
 Wereblood                Tmut           45%        N/A       1%          2
 Ozocubu's Armour         Ice            17%        N/A       10%         3
 Call Canine Familiar     Summ           6%         N/A       32%         3
 Gell's Gravitas          Tloc           3%         N/A       32%         3
 Lesser Beckoning         Tloc           3%         N/A       32%         3
 Portal Projectile        Hex/Tloc       12%        N/A       32%         3
 Teleport Other           Tloc           6%         N/A       32%         3
 Olgreb's Toxic Radiance  Pois           16%        N/A       32%         4
 Leda's Liquefaction      Hex/Erth       3%         N/A       71%         4
 Ozocubu's Refrigeration  Ice            8%         4d6       100%        7


Dungeon Overview and Level Annotations

Branches:
Dungeon (7/15)             Temple (1/1) D:5

Altars:
Ashenzari
Cheibriados
Dithmenos
Elyvilon
Fedhas
Gozag
Hepliaklqana
Kikubaaqudgha
Makhleb
Nemelex Xobeh
Okawaru
Qazlal
Ru
Sif Muna
Trog
Uskayaw
Vehumet
Wu Jian
Xom
Yredelemnul
The Shining One

Shops:
D:1 (=[[   D:3 [

Portals:
Abyss: D:5

Annotations:
D:3 1 runed translucent door, exclusion: door, Logos's ghost, amateur DjWr
D:5 2 transporters, belegose's ghost, novice NaAK
D:6 exclusion: oklob plant
D:7 Maggie


Innate Abilities, Weirdness & Mutations

You are a creature of crystalline ice.
You have a powerful freezing melee attack.
You are amphibious.
Your maximum health is increased.
Your armour is entirely melded.
You are incapable of wielding weapons or throwing items.
You are very small and have problems with some larger weapons.
You are too small for most types of armour.
You have supernaturally acute eyesight. (SInv)
((You cover ground extremely quickly. (Speed+++)))


Message History

Your +0 robe melds into your body.
Your +3 short sword of flaming stops flaming.
You feel stupid. The gargoyle closely misses you.
The gargoyle hurls a stone arrow at you.
The stone arrow misses you.
The orc shouts!
You hit the gargoyle but do no damage. The gargoyle barely misses you.
You hit the gargoyle. You freeze the gargoyle.
The gargoyle is moderately damaged.
The gargoyle hits you with a +0 morningstar!!
You hit the gargoyle but do no damage.
The gargoyle is moderately damaged.
The gargoyle hurls a stone arrow at you.
The stone arrow misses you.
You hit the gargoyle but do no damage.
The gargoyle is moderately damaged.
You barely miss the gargoyle.
The gargoyle is moderately damaged.
The gargoyle hits you with a +0 morningstar.
You hit the gargoyle but do no damage.
The gargoyle is moderately damaged.
The gargoyle closely misses you.
You hit the gargoyle. You freeze the gargoyle.
The gargoyle is heavily damaged.
The gargoyle closely misses you.
You punch the gargoyle! You freeze the gargoyle.
The gargoyle is almost destroyed.
The gargoyle hits you with a +0 morningstar!
You hit the gargoyle but do no damage.
The gargoyle is almost destroyed.
The gargoyle hurls a stone arrow at you.
The stone arrow hits you.
* * * LOW HITPOINT WARNING * * *
You hit the gargoyle but do no damage.
The gargoyle is almost destroyed.
The gargoyle misses you.
You gain the combat prowess of a mighty hero.
The gargoyle hits you with a +0 morningstar!
You die...

####### #.....#
#.....#############
#.................##
#.....#######.......
#.....# #.....#.###.
###Y### #......## ##
#9# #..##.## #
#....oo..# #..##.#
##o...>..# #..##.##
#.......# #..###.##
# #...>...# #..#
##.###. .........#
#..# #....#
###.####### #..#
#.#.## #. #..##
#.#.#


You could see a gargoyle and 2 orcs.

Vanquished Creatures
  A two-headed ogre (D:6)
  Pikel (D:6)
  6 yaks (D:4)
  Menkaure (D:7)
  4 water moccasins
  Duvessa (D:7)
  An ice beast (D:6)
  2 sky beasts
  3 ogres
  2 centaurs
  2 lemures (D:6)
  A gnoll sergeant (D:6)
  3 scorpions
  A wyvern skeleton (D:6)
  A water moccasin skeleton (D:4)
  Dowan (D:7)
  A crimson imp (D:4)
  A howler monkey (D:7)
  A bullfrog zombie (D:7)
  3 centaur zombies
  A hound (D:5)
  An orc priest (D:7)
  6 jellies (D:6)
  A bullfrog skeleton (D:6)
  Jessica (D:3)
  4 iguanas
  Terence (D:3)
  Natasha (thrice) (D:2)
  2 orc wizards
  3 hound skeletons
  Robin (D:3)
  7 adders
  9 gnolls
  A shadow imp (D:6)
  3 white imps
  2 ufetubi
  2 worms
  2 dart slugs (D:1)
  12 orcs
  11 ball pythons
  18 endoplasms
  3 giant cockroaches
  12 goblins
  14 hobgoblins
  2 jackals (D:5)
  5 quokkas
  3 bats
  4 frilled lizards
  10 kobolds
  6 rats
187 creatures vanquished.

Vanquished Creatures (others)
  5 fungi (D:6)
5 creatures vanquished.

Grand Total: 192 creatures vanquished

Notes
Turn   | Place    | Note
-------+----------+-------------------------------------------
     0 | D:1      | oldmanjim the Spriggan Transmuter began the quest for the
                  | Orb.
     0 | D:1      | Reached XP level 1. HP: 9/9 MP: 5/5
     2 | D:1      | Reached skill level 10 in Transmutations
     2 | D:1      | Reached XP level 2. HP: 14/14 MP: 6/6
     7 | D:1      | Found Ymiphipywn's Antique Armour Shoppe.
    56 | D:1      | Found a faded altar of an unknown god.
   596 | D:1      | Found Edghybrae's Jewellery Shoppe.
  1233 | D:1      | Reached XP level 3. HP: 17/17 MP: 8/8
  1258 | D:1      | Identified a scroll of acquirement
  1258 | D:1      | Acquired 1164 gold pieces
  1467 | D:1      | Found Lisolata's Antique Armour Shoppe.
  1507 | D:1      | Found Jipnam's Antique Weapon Shoppe.
  1631 | D:1      | Learned a level 3 spell: Spider Form
  1665 | D:1      | Bought a buckler for 99 gold pieces
  1692 | D:1      | Bought the ring "Zofryec" {rPois rF+ MP+9} for 529 gold
                  | pieces
  1912 | D:2      | Noticed Natasha
  1918 | D:2      | Killed Natasha
  1919 | D:2      | Reached skill level 1 in Stealth
  1919 | D:2      | Reached XP level 4. HP: 21/21 MP: 9/9
  2598 | D:2      | Noticed Natasha
  2615 | D:2      | Killed Natasha
  2616 | D:2      | Reached skill level 1 in Poison Magic
  2680 | D:2      | Found an ancient bone altar of Kikubaaqudgha.
  2700 | D:2      | Acquired a +0 hat of intelligence
  2741 | D:2      | Noticed Natasha
  2754 | D:2      | Killed Natasha
  2755 | D:2      | Reached XP level 5. HP: 6/25 MP: 10/10
  3082 | D:2      | Learned a level 4 spell: Ice Form
  3084 | D:3      | Noticed Jessica
  3104 | D:3      | Found Laukhlesu's Armour Emporium.
  3105 | D:3      | Killed Jessica
  3431 | D:3      | You fall into a shaft and drop 1 floor!
  3576 | D:3      | Acquired 714 gold pieces
  3992 | D:3      | Noticed Terence
  4007 | D:3      | Killed Terence
  4130 | D:3      | Reached XP level 6. HP: 21/29 MP: 11/11
  4297 | D:3      | Found a runed translucent door.
  4297 | D:3      | Noticed Logos's ghost (amateur DjWr)
  4361 | D:3      | Noticed Robin
  4429 | D:3      | Killed Robin
  4821 | D:3      | Found a blossoming altar of Fedhas.
  4924 | D:3      | Found a stormy altar of Qazlal.
  5069 | D:3      | Upgraded the game from 0.27.1-3-gb3d3a73c9e to
                  | 0.27.1-4-g1640c2035a
  5486 | D:4      | Reached skill level 1 in Ice Magic
  6578 | D:4      | Reached skill level 1 in Fighting
  6722 | D:4      | Reached skill level 1 in Evocations
  6794 | D:4      | Reached XP level 7. HP: 26/33 MP: 14/14
  7059 | D:5      | Entered Level 5 of the Dungeon
  7059 | D:5      | Found a staircase to the Ecumenical Temple.
  7066 | Temple   | Entered the Ecumenical Temple
  7259 | Temple   | Became a worshipper of Warmaster Okawaru
  7277 | D:5      | Found a basalt altar of Yredelemnul.
  7731 | D:5      | Reached skill level 5 in Spellcasting
  7986 | D:5      | Noticed a yak
  7989 | D:5      | Noticed a yak
  7989 | D:5      | Noticed a yak
  8115 | D:4      | Killed a yak
  8115 | D:4      | Reached * piety under Okawaru
  8116 | D:4      | Reached skill level 1 in Invocations
  8247 | D:5      | Reached XP level 8. HP: 9/38 MP: 16/16
  9807 | D:4      | Reached ** piety under Okawaru
  9808 | D:4      | Reached skill level 5 in Dodging
  9977 | D:5      | Found a transporter.
 10025 | D:5      | Found a transporter.
 10167 | D:5      | Noticed belegose's ghost (novice NaAK)
 10169 | D:5      | Found a one-way gate to the infinite horrors of the Abyss.
 10612 | D:6      | Reached XP level 9. HP: 20/42 MP: 19/19
 11680 | D:6      | Noticed Pikel
 11730 | D:6      | Killed Pikel
 11730 | D:6      | Reached *** piety under Okawaru
 11731 | D:6      | Reached skill level 11 in Transmutations
 11731 | D:6      | Reached skill level 5 in Invocations
 11731 | D:6      | Reached skill level 5 in Stealth
 11731 | D:6      | Reached skill level 1 in Shields
 11956 | D:6      | Noticed a two-headed ogre
 12039 | D:6      | Killed a two-headed ogre
 12587 | D:6      | Found a shimmering altar of Xom.
 13161 | D:6      | Noticed an oklob plant
 13194 | D:6      | Reached XP level 10. HP: 49/49 MP: 21/21
 13286 | D:6      | Reached skill level 5 in Evocations
 13904 | D:7      | Noticed Duvessa
 13904 | D:7      | Noticed Dowan
 13905 | D:7      | Found a hazy altar of Hepliaklqana.
 13941 | D:6      | Reached **** piety under Okawaru
 14393 | D:7      | Killed Dowan
 15060 | D:7      | Killed Duvessa
 15244 | D:7      | Learned a level 2 spell: Poisonous Vapours
 15367 | D:7      | Noticed Maggie
 15495 | D:7      | Noticed Menkaure
 15527 | D:7      | Killed Menkaure
 15639 | D:7      | Noticed a gargoyle
 15659 | D:7      | Slain by a gargoyle

Illustrated notes

Levels and vault maps discovered:
D:1:      psy_arrival_basics, layout_rooms, hellmonk_ecumenical_altar_run_dry,
          serial_shops, nicolae_lakefront_shop, shop, shop, shop
D:2:      minmay_chambers_of_twos, layout_basic, basic_altar,
          hangedman_decor_growths, uniq_natasha
D:3:      layout_rooms, mainiacjoe_overflow_brackets, general_overflow_altar,
          serial_shops, nicolae_shop_crystal, ebering_ghost_inner_flame,
          uniq_jessica, uniq_robin, uniq_terence
D:4:      layout_loops_ring, minmay_fire_ice_demons
D:5:      layout_rooms, overflow_temple_1_default,
          minmay_temple_entry_butterflies, gammafunk_ghost_abyssal_escape
D:6:      lemuel_slime, layout_layer_cave, mainiacjoe_overflow_catwalk,
          minmay_between, uniq_pikel
D:7:      layout_loops_ring, mainiacjoe_overflow_six_doors_small,
          minmay_microvault, uniq_duvessa, uniq_menkaure, uniq_maggie
Temple:   eino_temple_rhombus

Skill      XL: |  1  2  3  4  5  6  7  8  9 10 |
---------------+-------------------------------+-----
Transmutations | 10 11 | 11.0
Stealth        | 1 2 4 5 |  5.0
Poison Magic   | 1 2 |  2.9
Spellcasting   | 4 5 6 7 |  7.0
Ice Magic      | 2 3 |  3.0
Fighting       | 1 2 3 |  3.0
Evocations     | 2 4 5 |  5.0
Dodging        | 4 6 8 |  8.0
Invocations    | 1 4 5 |  5.0
Shields        | 2 3 |  3.0
Unarmed Combat | |  2.4

Action                   |  1- 3 |  4- 6 |  7- 9 | 10-12 || total
-------------------------+-------+-------+-------+-------++-------
Melee: Unarmed           |    33 |    72 |    99 |    58 ||   262
       Short sword       |    41 |    69 |    66 |    15 ||   191
       Kick              |    12 |     6 |     8 |       ||    26
       Headbutt          |     6 |     9 |     4 |       ||    19
       Punch             |       |     2 |     2 |       ||     4
 Fire: Hunting sling     |    33 |   153 |   149 |    81 ||   416
Throw: Stone             |     1 |       |    15 |       ||    16
       Dart              |       |    21 |   119 |     4 ||   144
 Cast: Beastly Appendage |    11 |     8 |     5 |       ||    24
       Spider Form       |     1 |    17 |    10 |     1 ||    29
       Ice Form          |       |       |    10 |     6 ||    16
Invok: Heroism           |       |       |       |     1 ||     1
  Use: Potion            |     1 |       |       |       ||     1
       Scroll            |     3 |     3 |     7 |     1 ||    14
 Stab: Sleeping          |     1 |     2 |     4 |     1 ||     8
Armor: Robe              |    18 |    17 |    11 |     2 ||    48
       Skin              |       |     3 |    35 |    12 ||    50
Dodge: Dodged            |    76 |   164 |   209 |    78 ||   527
